| TOP OF THE 1ST |
|
Auburn Doubledays batting - Pitching for Brooklyn Cyclones : RHP Jeremy Delka
|
|
Pitching: RHP Jeremy Delka
|
|
|
Batting: RHB Kevin Whitenack
|
0-0: Hit by Pitch
|
|
Batting: RHB Naofumi Ishida
|
0-0: Ball 1-0: Called Strike 1-1: Swinging Strike 1-2: Ball 2-2: Ball 3-2: Fly out, F8 (Flyball, 8RD, EV 83.8 MPH)
|
|
Batting: RHB Slavik Nebrodov
|
0-0: Called Strike 0-1: Ball 1-1: Ball 2-1: DOUBLE (Flyball, 8RD, EV 96.2 MPH) Kevin Whitenack to third
|
|
Batting: RHB Deshawn Boseman
|
0-0: Ground out 6-3 (Groundball, 6, EV 88.1 MPH) Kevin Whitenack scores
|
|
Batting: RHB Jim Towle
|
0-0: Ball Wild Pitch! Slavik Nebrodov to third 1-0: Ball 2-0: Called Strike 2-1: Swinging Strike 2-2: Reached on error, E5 (Groundball, 56, EV 86.9 MPH) Slavik Nebrodov scores
|
|
Batting: LHB Evan Oliveri
|
0-0: Called Strike 0-1: Ball Jim Towle steals 2nd base 1-1: Ball 2-1: Fly out, F8 (Flyball, 8LD, EV 86.2 MPH)
|
| Top of the 1st over - 2 runs, 1 hit, 1 error, 1 left on base; Auburn 2 - Brooklyn 0 |
| BOTTOM OF THE 1ST |
|
Brooklyn Cyclones batting - Pitching for Auburn Doubledays : RHP Josh Jenkins
|
|
Pitching: RHP Josh Jenkins
|
|
|
Batting: SHB Tyler Maddux
|
0-0: Swinging Strike 0-1: Called Strike 0-2: Ball 1-2: Ball 2-2: Ball 3-2: Strikes out swinging
|
|
Batting: RHB Andy Carrell
|
0-0: Ball 1-0: Fly out, F4 (Popup, 4S, EV 70.6 MPH)
|
|
Batting: RHB Mike Mathews
|
0-0: Ball 1-0: Ball 2-0: SINGLE (Groundball, 6MD, EV 98.8 MPH)
|
|
Batting: LHB Miguel Ramos
|
0-0: Called Strike 0-1: Called Strike 0-2: Ball 1-2: Ball 2-2: Strikes out swinging
|
| Bottom of the 1st over - 0 runs, 1 hit, 0 errors, 1 left on base; Auburn 2 - Brooklyn 0 |
| TOP OF THE 2ND |
|
Auburn Doubledays batting - Pitching for Brooklyn Cyclones : RHP Jeremy Delka
|
|
Batting: RHB Victor Cintron
|
0-0: Ball 1-0: Called Strike 1-1: Foul Ball, location: 2F 1-2: Foul Ball, location: 2F 1-2: Ball 2-2: Ball 3-2: DOUBLE (Groundball, 3L, EV 97.5 MPH)
|
|
Batting: RHB Bobby Bricker
|
0-0: Called Strike 0-1: Ball 1-1: DOUBLE (Flyball, 78D, EV 95.0 MPH) Victor Cintron scores
|
|
Batting: RHB Travis Stanley
|
0-0: Ball 1-0: Ball 2-0: Ball 3-0: Base on Balls
|
|
Batting: RHB Kevin Whitenack
|
0-0: SINGLE (Line Drive, 3D, EV 95.0 MPH) Bobby Bricker to third Travis Stanley to second
|
|
Batting: RHB Naofumi Ishida
|
0-0: Ball 1-0: Ball 2-0: Ball 3-0: Called Strike 3-1: Base on Balls Bobby Bricker scores Travis Stanley to third Kevin Whitenack to second
|
|
Batting: RHB Slavik Nebrodov
|
0-0: Called Strike 0-1: Foul Ball, location: 2F 0-2: Strikes out looking
|
|
Batting: RHB Deshawn Boseman
|
0-0: Called Strike 0-1: Ball 1-1: Fly out, F8 (Flyball, 78M, EV 87.5 MPH) Runner from 3rd tags up, SCORES, no throw by CF
|
|
Pitching: RHP Danny Helm
|
|
|
Batting: RHB Jim Towle
|
0-0: Foul Ball, location: 2F 0-1: Ball 1-1: Swinging Strike 1-2: Fielders Choice at 2nd, U4 (Groundball, 4M, EV 104.4 MPH)
|
| Top of the 2nd over - 3 runs, 3 hits, 0 errors, 2 left on base; Auburn 5 - Brooklyn 0 |
| BOTTOM OF THE 2ND |
|
Brooklyn Cyclones batting - Pitching for Auburn Doubledays : RHP Josh Jenkins
|
|
Batting: RHB Darwin Mills
|
0-0: Called Strike 0-1: Foul Ball, location: 2F 0-2: Ball 1-2: Ball 2-2: Ball 3-2: Base on Balls
|
|
Batting: SHB Harrison Feist
|
0-0: Swinging Strike 0-1: Foul Ball, location: 2F 0-2: Strikes out swinging
|
|
Batting: SHB Nick Daigle
|
0-0: Called Strike 0-1: Ball 1-1: Foul Ball, location: 2F 1-2: Ball 2-2: Strikes out swinging
|
|
Batting: RHB Warren Carmichael
|
0-0: Foul Ball, location: 2F 0-1: Ball Passed Ball! Darwin Mills to second 1-1: Foul Ball, location: 2F 1-2: Fly out, F8 (Flyball, 8RM, EV 98.8 MPH)
|
| Bottom of the 2nd over - 0 runs, 0 hits, 0 errors, 1 left on base; Auburn 5 - Brooklyn 0 |
| TOP OF THE 3RD |
|
Auburn Doubledays batting - Pitching for Brooklyn Cyclones : RHP Danny Helm
|
|
Batting: LHB Evan Oliveri
|
0-0: Called Strike 0-1: Ball 1-1: Single, Error in OF, E8, batter to second base (Line Drive, 6MD, EV 95.0 MPH)
|
|
Batting: RHB Victor Cintron
|
0-0: Ground out 4-3 (Groundball, 4MS, EV 80.0 MPH) Evan Oliveri to third
|
|
Batting: RHB Bobby Bricker
|
0-0: Ball 1-0: Foul Ball, location: 2F 1-1: Called Strike 1-2: Strikes out swinging
|
|
Batting: RHB Travis Stanley
|
0-0: Ball 1-0: DOUBLE (Line Drive, 9LM, EV 108.8 MPH) Evan Oliveri scores
|
|
Batting: RHB Kevin Whitenack
|
0-0: Ball 1-0: Swinging Strike 1-1: Ball Wild Pitch! Travis Stanley to third 2-1: Called Strike 2-2: Ball 3-2: Base on Balls
|
|
Batting: RHB Naofumi Ishida
|
0-0: Ground out 4-3 (Groundball, 34S, EV 81.2 MPH)
|
| Top of the 3rd over - 1 run, 2 hits, 1 error, 2 left on base; Auburn 6 - Brooklyn 0 |
| BOTTOM OF THE 3RD |
|
Brooklyn Cyclones batting - Pitching for Auburn Doubledays : RHP Josh Jenkins
|
|
Batting: RHB Barney Pederson
|
0-0: Foul Ball, location: 2F 0-1: Ball 1-1: Swinging Strike 1-2: Foul Ball, location: 2F 1-2: Ball 2-2: Foul Ball, location: 2F 2-2: Strikes out looking
|
|
Batting: SHB Tyler Maddux
|
0-0: Ground out 4-3 (Groundball, 4, EV 93.1 MPH)
|
|
Batting: RHB Andy Carrell
|
0-0: Called Strike 0-1: Ball 1-1: Called Strike 1-2: Strikes out swinging
|
| Bottom of the 3rd over - 0 runs, 0 hits, 0 errors, 0 left on base; Auburn 6 - Brooklyn 0 |
| TOP OF THE 4TH |
|
Auburn Doubledays batting - Pitching for Brooklyn Cyclones : RHP Danny Helm
|
|
Batting: RHB Slavik Nebrodov
|
0-0: SINGLE (Line Drive, 4D, EV 95.0 MPH)
|
|
Batting: RHB Deshawn Boseman
|
0-0: Called Strike 0-1: Ball 1-1: Foul Ball, location: 2F 1-2: Fly out, F7 (Flyball, 78M, EV 95.0 MPH)
|
|
Pitching: LHP Tony Diaz
|
|
|
Batting: RHB Jim Towle
|
0-0: Swinging Strike 0-1: Ball 1-1: Foul Ball, location: 2F 1-2: Strikes out swinging
|
|
Batting: LHB Evan Oliveri
|
0-0: Foul Ball, location: 2F 0-1: Swinging Strike 0-2: Ball 1-2: Ball 2-2: Foul Ball, location: 2F 2-2: Foul Ball, location: 2F 2-2: Strikes out swinging
|
| Top of the 4th over - 0 runs, 1 hit, 0 errors, 1 left on base; Auburn 6 - Brooklyn 0 |
| BOTTOM OF THE 4TH |
|
Brooklyn Cyclones batting - Pitching for Auburn Doubledays : RHP Josh Jenkins
|
|
Batting: RHB Mike Mathews
|
0-0: Called Strike 0-1: Foul Ball, location: 2F 0-2: Ball 1-2: Strikes out looking
|
|
Batting: LHB Miguel Ramos
|
0-0: Ball 1-0: Ball 2-0: Ball 3-0: Base on Balls
|
|
Batting: RHB Darwin Mills
|
0-0: Foul Ball, location: 2F 0-1: Swinging Strike 0-2: Ball 1-2: Strikes out swinging
|
|
Batting: SHB Harrison Feist
|
0-0: Foul Ball, location: 2F 0-1: Ground out U3 (Groundball, 3, EV 108.8 MPH)
|
| Bottom of the 4th over - 0 runs, 0 hits, 0 errors, 1 left on base; Auburn 6 - Brooklyn 0 |
| TOP OF THE 5TH |
|
Auburn Doubledays batting - Pitching for Brooklyn Cyclones : LHP Tony Diaz
|
|
Batting: RHB Victor Cintron
|
0-0: Ball 1-0: Foul Ball, location: 2F 1-1: SINGLE (Flyball, 7S, EV 93.1 MPH)
|
|
Pitching: RHP Brad Brown
|
|
|
Batting: RHB Bobby Bricker
|
0-0: Ball 1-0: Ball Victor Cintron steals 2nd base (no throw) 2-0: Swinging Strike 2-1: Foul Ball, location: 2F 2-2: Ground out U3 (Groundball, 34, EV 97.5 MPH) Victor Cintron to third
|
|
Batting: RHB Travis Stanley
|
0-0: Foul Ball, location: 2F 0-1: Foul Ball, location: 2F 0-2: Strikes out swinging
|
|
Batting: RHB Kevin Whitenack
|
0-0: Foul Ball, location: 2F 0-1: Ball 1-1: Called Strike 1-2: Ball 2-2: Foul Ball, location: 2F 2-2: Ball 3-2: Strikes out swinging
|
| Top of the 5th over - 0 runs, 1 hit, 0 errors, 1 left on base; Auburn 6 - Brooklyn 0 |
| BOTTOM OF THE 5TH |
|
Brooklyn Cyclones batting - Pitching for Auburn Doubledays : RHP Josh Jenkins
|
|
Batting: SHB Nick Daigle
|
0-0: DOUBLE (Flyball, 78D, EV 90.6 MPH)
|
|
Batting: RHB Warren Carmichael
|
0-0: Ground out 1-3 (Groundball, P, EV 76.9 MPH) Nick Daigle to third
|
|
Batting: RHB Barney Pederson
|
0-0: Swinging Strike 0-1: Called Strike 0-2: Ball 1-2: Strikes out swinging
|
|
Batting: SHB Tyler Maddux
|
0-0: Called Strike 0-1: Swinging Strike 0-2: Ball 1-2: Strikes out swinging
|
| Bottom of the 5th over - 0 runs, 1 hit, 0 errors, 1 left on base; Auburn 6 - Brooklyn 0 |
| TOP OF THE 6TH |
|
Auburn Doubledays batting - Pitching for Brooklyn Cyclones : RHP Brad Brown
|
|
Batting: RHB Naofumi Ishida
|
0-0: Called Strike 0-1: Ball 1-1: Swinging Strike 1-2: Strikes out swinging
|
|
Batting: RHB Slavik Nebrodov
|
0-0: Ball 1-0: Called Strike 1-1: Ball 2-1: DOUBLE (Groundball, 5L, EV 98.8 MPH)
|
|
Batting: RHB Deshawn Boseman
|
0-0: Foul Ball, location: 2F 0-1: SINGLE (Line Drive, 4D, EV 97.5 MPH) Slavik Nebrodov to third
|
|
Batting: RHB Jim Towle
|
0-0: Ball 1-0: Ball 2-0: Fly out, F9 (Flyball, 9, EV 95.6 MPH)
|
|
Batting: LHB Evan Oliveri
|
0-0: Fielders Choice at 2nd, 6-4 (Groundball, 6, EV 85.0 MPH)
|
| Top of the 6th over - 0 runs, 2 hits, 0 errors, 2 left on base; Auburn 6 - Brooklyn 0 |
| BOTTOM OF THE 6TH |
|
Brooklyn Cyclones batting - Pitching for Auburn Doubledays : RHP Josh Jenkins
|
|
Pitching: RHP Luis Astudillo
|
|
|
Batting: RHB Andy Carrell
|
0-0: Foul Ball, location: 2F 0-1: Foul Ball, location: 2F 0-2: Strikes out swinging
|
|
Batting: RHB Mike Mathews
|
0-0: Ball 1-0: Ball 2-0: Called Strike 2-1: Called Strike 2-2: Strikes out swinging
|
|
Batting: LHB Miguel Ramos
|
0-0: Ball 1-0: Ball 2-0: Ball 3-0: Base on Balls
|
|
Batting: RHB Darwin Mills
|
0-0: Ball 1-0: Swinging Strike 1-1: Foul Ball, location: 2F 1-2: Foul Ball, location: 2F 1-2: Fly out, F8 (Flyball, 78D, EV 93.8 MPH)
|
| Bottom of the 6th over - 0 runs, 0 hits, 0 errors, 1 left on base; Auburn 6 - Brooklyn 0 |
| TOP OF THE 7TH |
|
Auburn Doubledays batting - Pitching for Brooklyn Cyclones : RHP Brad Brown
|
|
Batting: RHB Victor Cintron
|
0-0: Called Strike 0-1: Foul Ball, location: 2F 0-2: Ball 1-2: Ball 2-2: Foul Ball, location: 2F 2-2: SINGLE (Groundball, 6MD, EV 107.5 MPH)
|
|
Batting: RHB Bobby Bricker
|
0-0: Called Strike 0-1: Swinging Strike 0-2: Ball 1-2: Foul Ball, location: 2F 1-2: Ball 2-2: Ball 3-2: SINGLE (Groundball, 56D, EV 95.0 MPH) Victor Cintron to second
|
|
Pitching: RHP Adrian Colorado
|
|
|
Batting: RHB Travis Stanley
|
0-0: Swinging Strike 0-1: Ball 1-1: Ball 2-1: Foul Ball, location: 2F 2-2: Foul Ball, location: 2F 2-2: Strikes out swinging
|
|
Batting: RHB Kevin Whitenack
|
0-0: Called Strike 0-1: SINGLE (Groundball, 56S, EV 72.5 MPH) (infield hit) Victor Cintron to third Bobby Bricker to second
|
|
Batting: RHB Naofumi Ishida
|
0-0: Ball 1-0: Foul Ball, location: 2F 1-1: Ball 2-1: Called Strike 2-2: Foul Ball, location: 2F 2-2: Foul Ball, location: 2F 2-2: Foul Ball, location: 2F 2-2: Strikes out swinging
|
|
Batting: RHB Slavik Nebrodov
|
0-0: Foul Ball, location: 2F 0-1: Ball 1-1: Swinging Strike 1-2: Foul Ball, location: 2F 1-2: Ball 2-2: Foul Ball, location: 2F 2-2: Fielders Choice at 2nd, 6-4 (Groundball, 6, EV 103.1 MPH)
|
| Top of the 7th over - 0 runs, 3 hits, 0 errors, 3 left on base; Auburn 6 - Brooklyn 0 |
| BOTTOM OF THE 7TH |
|
Brooklyn Cyclones batting - Pitching for Auburn Doubledays : RHP Luis Astudillo
|
|
Batting: SHB Harrison Feist
|
0-0: Called Strike 0-1: Foul Ball, location: 2F 0-2: Ball 1-2: Strikes out swinging
|
|
Batting: SHB Nick Daigle
|
0-0: Called Strike 0-1: Ball 1-1: Ball 2-1: SINGLE (Groundball, 3S, EV 66.9 MPH) (infield hit)
|
|
Batting: RHB Warren Carmichael
|
0-0: Ball 1-0: Called Strike 1-1: Called Strike 1-2: Ball 2-2: Foul Ball, location: 2F 2-2: Strikes out swinging Nick Daigle is caught stealing 2nd base 2-4 Batter strikes out.
|
| Bottom of the 7th over - 0 runs, 1 hit, 0 errors, 0 left on base; Auburn 6 - Brooklyn 0 |
| TOP OF THE 8TH |
|
Auburn Doubledays batting - Pitching for Brooklyn Cyclones : RHP Adrian Colorado
|
|
Batting: RHB Deshawn Boseman
|
0-0: Ball 1-0: Called Strike 1-1: Ball 2-1: Foul Ball, location: 2F 2-2: Strikes out swinging
|
|
Batting: RHB Jim Towle
|
0-0: Ball 1-0: Ball 2-0: SINGLE (Groundball, 6MD, EV 110.0 MPH)
|
|
Batting: LHB Evan Oliveri
|
0-0: SINGLE (Line Drive, 7S, EV 93.1 MPH) Jim Towle to second
|
|
Batting: RHB Victor Cintron
|
0-0: Called Strike 0-1: Swinging Strike 0-2: Ball 1-2: Foul Ball, location: 2F 1-2: Ball 2-2: Ball 3-2: Grounds into double play, 4-6-3 (Groundball, 4, EV 81.2 MPH)
|
| Top of the 8th over - 0 runs, 2 hits, 0 errors, 1 left on base; Auburn 6 - Brooklyn 0 |
| BOTTOM OF THE 8TH |
|
Brooklyn Cyclones batting - Pitching for Auburn Doubledays : RHP Luis Astudillo
|
|
Batting: RHB Barney Pederson
|
0-0: Ground out 5-3 (Groundball, 5L, EV 86.9 MPH)
|
|
Batting: SHB Tyler Maddux
|
0-0: Called Strike 0-1: Ground out 3-1 (Groundball, 34, EV 97.5 MPH)
|
|
Batting: RHB Andy Carrell
|
0-0: Ball 1-0: Called Strike 1-1: Ball 2-1: Foul Ball, location: 2F 2-2: Strikes out swinging
|
| Bottom of the 8th over - 0 runs, 0 hits, 0 errors, 0 left on base; Auburn 6 - Brooklyn 0 |
| TOP OF THE 9TH |
|
Auburn Doubledays batting - Pitching for Brooklyn Cyclones : RHP Adrian Colorado
|
|
Batting: RHB Bobby Bricker
|
0-0: Ball 1-0: Ball 2-0: Called Strike 2-1: Foul Ball, location: 2F 2-2: Ball 3-2: Fly out, F9 (Flyball, 89M, EV 95.6 MPH)
|
|
Pitching: RHP Tyler Lybrand
|
|
|
Batting: RHB Travis Stanley
|
0-0: Ball 1-0: Foul Ball, location: 2F 1-1: Swinging Strike 1-2: Fly out, F3 (Line Drive, 34, EV 70.6 MPH)
|
|
Batting: RHB Kevin Whitenack
|
0-0: Foul Ball, location: 2F 0-1: Ball 1-1: Swinging Strike 1-2: Foul Ball, location: 2F 1-2: SINGLE (Groundball, 56S, EV 66.2 MPH) (infield hit)
|
|
Batting: RHB Naofumi Ishida
|
0-0: Swinging Strike 0-1: Ball 1-1: 2-RUN HOME RUN (Flyball, 89XD, EV 100.6 MPH), Distance : 401 ft
|
|
Batting: RHB Slavik Nebrodov
|
0-0: Ball 1-0: Called Strike 1-1: Ball 2-1: SINGLE (Groundball, 6D, EV 102.5 MPH)
|
|
Pitching: RHP Marvin Merino
|
|
|
Batting: RHB Deshawn Boseman
|
0-0: Ball 1-0: Ball Passed Ball! Slavik Nebrodov to second 2-0: Called Strike 2-1: Foul Ball, location: 2F 2-2: DOUBLE (Flyball, 78D, EV 98.8 MPH) Slavik Nebrodov scores
|
|
Pinch Hitting: RHB Derek Moran
|
0-0: Ball 1-0: Ball 2-0: Called Strike 2-1: Called Strike 2-2: Foul Ball, location: 2F 2-2: Ball 3-2: Foul Ball, location: 2F 3-2: SINGLE (Line Drive, 8LS, EV 93.8 MPH) Deshawn Boseman to third
|
|
Batting: LHB Evan Oliveri
|
0-0: Swinging Strike 0-1: Foul Ball, location: 2F 0-2: Strikes out looking
|
| Top of the 9th over - 3 runs, 5 hits, 0 errors, 2 left on base; Auburn 9 - Brooklyn 0 |
| BOTTOM OF THE 9TH |
|
Brooklyn Cyclones batting - Pitching for Auburn Doubledays : RHP Luis Astudillo
|
|
Now at 3B: Derek Moran
|
|
|
Now at SS: Bobby Bricker
|
|
|
Batting: RHB Mike Mathews
|
0-0: Ball 1-0: Ball 2-0: SINGLE (Groundball, 34D, EV 112.5 MPH)
|
|
Batting: LHB Miguel Ramos
|
0-0: Ball 1-0: Fly out, F8 (Flyball, 8RS, EV 93.8 MPH)
|
|
Batting: RHB Darwin Mills
|
0-0: Ball 1-0: Called Strike 1-1: Hit by Pitch Mike Mathews to second
|
|
Pitching: RHP John Kovach
|
|
|
Batting: SHB Harrison Feist
|
0-0: Ball 1-0: Grounds into double play, 4-6-3 (Groundball, 34, EV 87.5 MPH)
|
| Bottom of the 9th over - 0 runs, 1 hit, 0 errors, 1 left on base; Auburn 9 - Brooklyn 0 |
|